 Dungeon Sprint DCSS version 0.17-a0-2109-g117576f (webtiles) character file.

68193 Kidiri the Impregnable (level 14, -3/151 HPs)
             Began as a Minotaur Fighter on Oct 19, 2015.
             Was a High Priest of Okawaru.
             Slain by a dire elephant (5 damage)
             ... in the Dungeon (Sprint VII: "The Pits").
             The game lasted 00:34:06 (5772 turns).

Kidiri the Impregnable (Minotaur Fighter)           Turns: 5772, Time: 00:34:06

Health: -3/151     AC: 38    Str: 36    XL:     14   Next: 85%
Magic:  1/22       EV: 17    Int:  5    God:    Okawaru [*****.]
Gold:   69         SH: 22    Dex: 10    Spells: 0 memorised, 13 levels left

rFire  . . .     SeeInvis .     r - +4 war axe (flame)
rCold  . . .     Clarity  .     k - +2 crystal plate armour
rNeg   . . .     SustAt   .     c - +3 shield
rPois  .         Gourm    .     (helmet restricted)
rElec  .         Spirit   .     l - +1 cloak
rCorr  .         Warding  .     f - +1 pair of gloves {Str+3}
rMut   .         NoTele   +     (no boots)
MR     +....                    (no amulet)
Stlth  ..........               I - +4 ring of strength
                                b - +3 ring of strength

@: exhausted, heroism, slowed, very slow, somewhat resistant to hostile
enchantments, extremely unstealthy
A: retaliatory headbutt, horns 2
a: Heroism, Finesse, Renounce Religion


You were in the Dungeon.
You worshipped Okawaru.
Okawaru was extremely pleased with you.
You were hungry.

You visited 1 branch You collected 69 gold pieces.

Inventory:

Hand Weapons
 g - the +7 arbalest of Wealth {venom, rElec}
   (You found it in the Dungeon)

   It poisons the ammo it fires.
   It insulates you from electricity.
 r - a +4 war axe of flaming (weapon)
Missiles
 t - 9 bolts of frost
 y - 35 bolts of flame
 z - 30 bolts of penetration
 F - 13 silver bolts
 H - 300 bolts
Armour
 c - a +3 shield (worn)
 f - a +1 pair of gloves of strength (worn)
 k - a +2 crystal plate armour (worn)
 l - a +1 cloak (worn)
Jewellery
 b - a +3 ring of strength (left hand)
 I - a +4 ring of strength (right hand)
Wands
 x - a wand of random effects (17)
Scrolls
 o - 4 scrolls of remove curse
 p - 5 scrolls of amnesia
 q - a scroll of summoning
 s - 3 scrolls of identify
 C - 2 scrolls of fog
 D - a scroll of fear
Potions
 a - a potion of cure mutation
 d - 2 potions of might
 h - 6 potions of haste
 i - 4 potions of magic
 j - 4 potions of berserk rage
 n - 2 potions of invisibility
 u - a potion of resistance
 B - a potion of brilliance
 E - a potion of agility
Comestibles
 e - 5 bread rations
 m - 7 meat rations
 v - 4 chunks of flesh
 J - 6 royal jellies


   Skills:
 * Level 21.1(26.1) Fighting
 + Level 15.7(20.7) Axes
 + Level 12.4(17.4) Crossbows
 * Level 21.1(26.1) Armour
 * Level 19.4(24.4) Dodging
 * Level 21.1(26.1) Shields
 + Level 13.3 Invocations


You had 13 spell levels left.
You didn't know any spells.

Dungeon Overview and Level Annotations

Branches:
Dungeon (1/1)

Altars:
Ashenzari
Cheibriados
Dithmenos
Elyvilon
Fedhas
Gozag
Kikubaaqudgha
Makhleb
Nemelex Xobeh
Okawaru
Qazlal
Ru
Sif Muna
Trog
Vehumet
Xom
Yredelemnul
Zin
The Shining One
Beogh
Jiyva
Lugonu

Annotations:
D Tiamat


Innate Abilities, Weirdness & Mutations

You reflexively headbutt those who attack you in melee.
You have a pair of horns on your head.


Message History

You block the dire elephant's attack. x2
The red draconian closely misses you.
You slice the dire elephant!! You burn the dire elephant!
You headbutt the dire elephant.
The dire elephant is heavily wounded.
You block Tiamat's attack.
The dire elephant is engulfed in roaring flames.
The dire elephant tramples you!
* * * LOW HITPOINT WARNING * * *
You stumble backwards!
Press: ? - help, v - describe, . - travel The floor.
There is a cloud of flame here.
You open the door.
You are engulfed in roaring flames.
You block the dire elephant's attack.
The dire elephant trunk-slaps you but does no damage.
Unknown command.
Unknown command.
You block the dire elephant's attack. The dire elephant trunk-slaps you.
You die...

#+#
##.##
#...#
+)Gd#
#d#
#'#
#Y#
#@#
#)#
#+#
#.#
#+#
#[#
#+#
#.#
#+#


You could see Tiamat, a dire elephant, a red draconian and an eye of draining.

Vanquished Creatures
  An ancient lich (D)
  Margery (D)
  A pandemonium lord (D)
  An electric golem (D)
  A Hell Sentinel (D)
  Rupert (D)
  An Ice Fiend (D)
  A titan (D)
  Polyphemus (D)
  A shadow dragon (D)
  A greater naga (D)
  3 orc warlords (D)
  A draconian scorcher (D)
  A mottled draconian (D)
  A minotaur (D)
  A yaktaur captain (D)
  3 vault guards (D)
  Erolcha (D)
  A rakshasa (D)
  2 naga warriors (D)
  A hydra (D)
  An anaconda (D)
  A centaur warrior (D)
  A merfolk avatar (D)
  A death yak (D)
  An orc high priest (D)
  A deep elf knight (D)
  A fire crab (D)
  An unseen horror (D)
  A naga ritualist (D)
  A lindwurm (D)
  A phantasmal warrior (D)
  A wolf spider (D)
  14 orc knights (D)
  A cyclops (D)
  A manticore (D)
  A hornet (D)
  A griffon (D)
  A black mamba (D)
  2 elephants (D)
  An orange demon (D)
  A sixfirhy (D)
  2 spiny frogs (D)
  A komodo dragon (D)
  A naga mage (D)
  6 yaktaurs (D)
  3 kobold demonologists (D)
  A merfolk (D)
  A jumping spider (D)
  A freezing wraith (D)
  A hellwing (D)
  2 polar bears (D)
  2 trolls (D)
  A bog body (D)
  A trapdoor spider (D)
  A water elemental (D)
  A vampire (D)
  4 redbacks (D)
  A shadow (D)
  A steam dragon (D)
  A golden eye (D)
  A chaos spawn (D)
  A small abomination (D)
  A tarantella (D)
  A mottled dragon (D)
  2 basilisks (D)
  A hippogriff (D)
  15 wolves (D)
  2 vampire mosquitoes (D)
  A warg (D)
  A soldier ant (D)
  A swamp drake (D)
  Duvessa (D)
  A naga (D)
  5 orc warriors (D)
  A black bear (D)
  A centaur (D)
  An eye of draining (D)
  An ice beast (D)
  An ogre (D)
  Dowan (D)
  A giant frog (D)
  11 killer bees (D)
  3 wights (D)
  5 orc priests (D)
  An orc wizard (D)
  A worker ant (D)
  4 sheep (D)
  2 gnolls (D)
  An adder (D)
  A river rat (D)
  2 white imps (D)
  An ooze (D)
  A worm (D)
  3 giant geckos (D)
  8 orcs (D)
  A bat skeleton (D)
  4 kobolds (D)
  2 giant cockroaches (D)
  2 giant newts (D)
  A goblin (D)
  A quokka simulacrum (D)
189 creatures vanquished.

Notes
Turn   | Place    | Note
--------------------------------------------------------------
     0 | D        | Kidiri the Minotaur Fighter began the quest for the Orb.
     0 | D        | Reached XP level 1. HP: 19/19 MP: 0/0
    14 | D        | Reached skill level 4 in Fighting
    14 | D        | Reached skill level 1 in Dodging
    56 | D        | Found a sacrificial altar of Ru.
    56 | D        | Found a basalt altar of Yredelemnul.
    56 | D        | Found a shadowy altar of Dithmenos.
    56 | D        | Found a deep blue altar of Sif Muna.
    56 | D        | Found a burning altar of Makhleb.
    56 | D        | Found a shimmering altar of Xom.
    56 | D        | Found an ancient bone altar of Kikubaaqudgha.
    56 | D        | Found a sparkling altar of Nemelex Xobeh.
    57 | D        | Found a glowing golden altar of the Shining One.
    57 | D        | Found a bloodstained altar of Trog.
    57 | D        | Found a shattered altar of Ashenzari.
    57 | D        | Found a white marble altar of Elyvilon.
    57 | D        | Found a snail-covered altar of Cheibriados.
    57 | D        | Found a blossoming altar of Fedhas.
    57 | D        | Found a radiant altar of Vehumet.
    57 | D        | Found a glowing silver altar of Zin.
    57 | D        | Found a corrupted altar of Lugonu.
    57 | D        | Found a viscous altar of Jiyva.
    57 | D        | Found a roughly hewn altar of Beogh.
    57 | D        | Found an iron altar of Okawaru.
    63 | D        | Found a stormy altar of Qazlal.
    63 | D        | Found an opulent altar of Gozag.
    66 | D        | Became a worshipper of Warmaster Okawaru
    81 | D        | Noticed a worker ant
    89 | D        | Killed a worker ant
    89 | D        | Reached skill level 5 in Fighting
    89 | D        | Reached skill level 1 in Invocations
    89 | D        | Reached XP level 2. HP: 17/29 MP: 1/1
    89 | D        | Reached XP level 3. HP: 21/36 MP: 2/2
   294 | D        | Reached skill level 5 in Shields
   423 | D        | Reached skill level 5 in Armour
   519 | D        | Noticed a wight
   524 | D        | Killed a wight
   524 | D        | Reached skill level 6 in Fighting
   524 | D        | Reached XP level 4. HP: 42/44 MP: 4/4
   526 | D        | Noticed a wight
   532 | D        | Killed a wight
   534 | D        | Noticed a wight
   534 | D        | Noticed an ice beast
   534 | D        | Noticed a black bear
   537 | D        | Noticed a giant frog
   539 | D        | Killed an ice beast
   539 | D        | Reached * piety under Okawaru
   539 | D        | Reached skill level 7 in Fighting
   539 | D        | Reached skill level 5 in Axes
   539 | D        | Reached skill level 5 in Dodging
   539 | D        | Reached XP level 5. HP: 45/52 MP: 4/6
   542 | D        | Killed a giant frog
   542 | D        | Reached XP level 6. HP: 47/61 MP: 4/7
   545 | D        | Killed a black bear
   545 | D        | Reached ** piety under Okawaru
   545 | D        | Reached skill level 8 in Fighting
   552 | D        | Killed a wight
   645 | D        | Noticed a trapdoor spider
   649 | D        | Killed a trapdoor spider
   649 | D        | Reached skill level 9 in Fighting
   649 | D        | Reached XP level 7. HP: 50/70 MP: 7/9
   839 | D        | Noticed a wolf
   839 | D        | Noticed an orc priest
   839 | D        | Noticed an orc priest
   846 | D        | Killed an orc priest
   849 | D        | Killed an orc priest
   855 | D        | Killed a wolf
  1025 | D        | Noticed a small abomination
  1025 | D        | Noticed an elephant
  1038 | D        | Killed an elephant
  1038 | D        | Reached skill level 10 in Fighting
  1038 | D        | Reached skill level 10 in Armour
  1038 | D        | Reached skill level 10 in Shields
  1038 | D        | Reached skill level 5 in Invocations
  1038 | D        | Reached XP level 8. HP: 74/79 MP: 8/10
  1044 | D        | Killed a small abomination
  1044 | D        | Reached *** piety under Okawaru
  1279 | D        | Noticed a basilisk
  1279 | D        | Noticed an eye of draining
  1297 | D        | Killed a basilisk
  1300 | D        | Killed an eye of draining
  1380 | D        | Noticed a wolf
  1380 | D        | Noticed a swamp drake
  1380 | D        | Noticed a griffon
  1387 | D        | Killed a griffon
  1387 | D        | Reached skill level 11 in Fighting
  1388 | D        | Killed a swamp drake
  1388 | D        | Killed a wolf
  1388 | D        | Reached XP level 9. HP: 75/89 MP: 9/12
  1448 | D        | Noticed a steam dragon
  1448 | D        | Noticed a wolf
  1448 | D        | Noticed a wolf
  1448 | D        | Noticed a wolf
  1448 | D        | Noticed a vampire mosquito
  1448 | D        | Noticed a vampire mosquito
  1449 | D        | Killed a vampire mosquito
  1449 | D        | Reached skill level 10 in Dodging
  1452 | D        | Killed a vampire mosquito
  1455 | D        | Killed a wolf
  1455 | D        | Reached **** piety under Okawaru
  1457 | D        | Killed a wolf
  1459 | D        | Killed a wolf
  1459 | D        | Reached skill level 12 in Fighting
  1460 | D        | Killed a steam dragon
  1506 | D        | Noticed a polar bear
  1508 | D        | Noticed a phantasmal warrior
  1514 | D        | Killed a polar bear
  1526 | D        | Killed a phantasmal warrior
  1682 | D        | Noticed a fire crab
  1682 | D        | Noticed a mottled dragon
  1688 | D        | Killed a mottled dragon
  1697 | D        | Killed a fire crab
  1697 | D        | Reached skill level 13 in Fighting
  1697 | D        | Reached XP level 10. HP: 42/101 MP: 12/14
  1923 | D        | Noticed a hellwing
  1923 | D        | Noticed an orc priest
  1923 | D        | Noticed an orc priest
  1924 | D        | Noticed a killer bee
  1924 | D        | Noticed a kobold demonologist
  1924 | D        | Noticed an orc priest
  1926 | D        | Noticed an ice devil
  1926 | D        | Noticed a killer bee
  1928 | D        | Killed a killer bee
  1929 | D        | Noticed a rust devil
  1929 | D        | Noticed a killer bee
  1929 | D        | Killed a killer bee
  1930 | D        | Noticed a killer bee
  1931 | D        | Killed an orc priest
  1932 | D        | Noticed a soul eater
  1938 | D        | Killed an ice devil
  1941 | D        | Killed a killer bee
  1941 | D        | Reached ***** piety under Okawaru
  1943 | D        | Killed a rust devil
  1944 | D        | Noticed a kobold demonologist
  1950 | D        | Killed a killer bee
  1951 | D        | Killed an orc priest
  1953 | D        | Noticed a killer bee
  1958 | D        | Killed a kobold demonologist
  1961 | D        | Killed a killer bee
  1964 | D        | Killed a kobold demonologist
  1966 | D        | Killed a hellwing
  1966 | D        | Received a gift from Okawaru
  1967 | D        | Killed an orc priest
  2169 | D        | Noticed a soldier ant
  2169 | D        | Noticed a merfolk
  2169 | D        | Noticed a naga mage
  2169 | D        | Noticed a naga ritualist
  2169 | D        | Noticed a naga
  2171 | D        | Noticed a greater naga
  2172 | D        | Noticed a hippogriff
  2173 | D        | Killed a soldier ant
  2181 | D        | Killed a merfolk
  2181 | D        | Reached skill level 1 in Crossbows
  2188 | D        | Killed a hippogriff
  2198 | D        | Killed a naga mage
  2198 | D        | Reached skill level 10 in Axes
  2203 | D        | Killed a naga ritualist
  2206 | D        | Killed a greater naga
  2206 | D        | Reached skill level 14 in Fighting
  2206 | D        | Killed a naga
  2206 | D        | Reached XP level 11. HP: 42/111 MP: 9/16
  2522 | D        | Noticed a six-headed hydra
  2522 | D        | Noticed a wolf
  2522 | D        | Noticed a centaur
  2522 | D        | Noticed Duvessa
  2522 | D        | Noticed a freezing wraith
  2522 | D        | Noticed a warg
  2522 | D        | Noticed an orc warrior
  2523 | D        | Noticed a lindwurm
  2523 | D        | Noticed a wolf
  2523 | D        | Noticed Dowan
  2523 | D        | Noticed a death yak
  2523 | D        | Noticed an orc high priest
  2524 | D        | Noticed a wolf
  2524 | D        | Noticed a wolf
  2524 | D        | Noticed a polar bear
  2525 | D        | Noticed a wolf
  2528 | D        | Noticed an ogre
  2529 | D        | Noticed a wolf
  2530 | D        | Noticed a basilisk
  2530 | D        | Killed a warg
  2532 | D        | Killed a centaur
  2534 | D        | Noticed a sun demon
  2536 | D        | Killed a wolf
  2541 | D        | Killed Duvessa
  2542 | D        | Killed a wolf
  2542 | D        | Killed a wolf
  2542 | D        | Received a gift from Okawaru
  2544 | D        | Killed a 16-headed hydra
  2545 | D        | Killed Dowan
  2547 | D        | Killed a lindwurm
  2547 | D        | Received a gift from Okawaru
  2548 | D        | Killed an orc warrior
  2551 | D        | Killed a freezing wraith
  2551 | D        | Killed an ogre
  2552 | D        | Killed a wolf
  2552 | D        | Reached skill level 15 in Fighting
  2553 | D        | Killed a sun demon
  2556 | D        | Killed a wolf
  2556 | D        | Killed a wolf
  2559 | D        | Killed a polar bear
  2559 | D        | Reached skill level 15 in Shields
  2561 | D        | Killed an orc high priest
  2561 | D        | Reached skill level 15 in Armour
  2562 | D        | Killed a death yak
  2562 | D        | Reached skill level 5 in Crossbows
  2567 | D        | Killed a basilisk
  3017 | D        | Noticed a manticore
  3017 | D        | Noticed a jumping spider
  3027 | D        | Killed a manticore
  3032 | D        | Killed a jumping spider
  3043 | D        | Noticed a killer bee
  3043 | D        | Noticed a killer bee
  3043 | D        | Noticed a killer bee
  3043 | D        | Noticed a killer bee
  3043 | D        | Noticed a chaos spawn
  3043 | D        | Noticed a troll
  3044 | D        | Noticed a killer bee
  3044 | D        | Noticed a killer bee
  3045 | D        | Killed a killer bee
  3048 | D        | Killed a killer bee
  3049 | D        | Killed a troll
  3049 | D        | Received a gift from Okawaru
  3052 | D        | Killed a chaos spawn
  3053 | D        | Killed a killer bee
  3055 | D        | Killed a killer bee
  3056 | D        | Killed a killer bee
  3056 | D        | Killed a killer bee
  3118 | D        | Noticed a redback
  3121 | D        | Killed a redback
  3124 | D        | Noticed Rupert
  3129 | D        | Paralysed by Rupert for 3 turns
  3144 | D        | Killed Rupert
  3144 | D        | Received a gift from Okawaru
  3144 | D        | Reached skill level 16 in Fighting
  3184 | D        | Noticed a wolf spider
  3190 | D        | Killed a wolf spider
  3190 | D        | Reached XP level 12. HP: 122/122 MP: 11/18
  3192 | D        | Noticed a spiny frog
  3196 | D        | Killed a spiny frog
  3213 | D        | Noticed a tarantella
  3213 | D        | Noticed an orc knight
  3213 | D        | Noticed an orc warrior
  3214 | D        | Noticed an orc warrior
  3221 | D        | Killed an orc warrior
  3222 | D        | Killed a tarantella
  3229 | D        | Killed an unseen horror
  3229 | D        | Killed an orc warrior
  3229 | D        | Reached ****** piety under Okawaru
  3233 | D        | Killed an orc knight
  3233 | D        | Received a gift from Okawaru
  3457 | D        | Noticed an orc knight
  3457 | D        | Noticed an orc warrior
  3458 | D        | Noticed a merfolk avatar
  3458 | D        | Noticed a minotaur
  3467 | D        | Killed an orc knight
  3468 | D        | Noticed a black mamba
  3470 | D        | Killed a black mamba
  3471 | D        | Killed an orc warrior
  3471 | D        | Reached skill level 10 in Invocations
  3473 | D        | Noticed an orc wizard
  3473 | D        | Killed an orc wizard
  3474 | D        | Noticed an elephant
  3481 | D        | Killed a minotaur
  3482 | D        | Killed an elephant
  3482 | D        | Reached skill level 15 in Dodging
  3490 | D        | Killed a merfolk avatar
  3491 | D        | Noticed a kobold demonologist
  3492 | D        | Noticed a cyclops
  3493 | D        | Killed a cyclops
  3496 | D        | Noticed a centaur warrior
  3498 | D        | Killed a centaur warrior
  3498 | D        | Killed a kobold demonologist
  3499 | D        | Noticed a sixfirhy
  3508 | D        | Noticed a titan
  3511 | D        | Killed a sixfirhy
  3511 | D        | Reached skill level 17 in Fighting
  3512 | D        | Noticed a yaktaur
  3524 | D        | Killed a titan
  3525 | D        | Noticed an orange demon
  3530 | D        | Killed an orange demon
  3533 | D        | Killed a yaktaur
  3537 | D        | Noticed a bog body
  3540 | D        | Killed a bog body
  3543 | D        | Noticed a deep elf knight
  3549 | D        | Killed a deep elf knight
  3555 | D        | Noticed a hornet
  3561 | D        | Killed a hornet
  3562 | D        | Noticed a spiny frog
  3564 | D        | Killed a spiny frog
  3582 | D        | Noticed Erolcha
  3586 | D        | Noticed a vampire
  3588 | D        | Killed Erolcha
  3588 | D        | Received a gift from Okawaru
  3589 | D        | Got an ominously black robe {god gift}
  3592 | D        | Noticed a komodo dragon
  3594 | D        | Killed a vampire
  3600 | D        | Killed a komodo dragon
  3600 | D        | Reached XP level 13. HP: 132/134 MP: 20/20
  3611 | D        | Noticed a rakshasa
  3625 | D        | Killed a rakshasa
  3690 | D        | Noticed a wolf
  3690 | D        | Noticed a wolf
  3690 | D        | Noticed a wolf
  3690 | D        | Noticed a wolf
  3690 | D        | Noticed a yaktaur
  3690 | D        | Noticed an orc warlord
  3690 | D        | Noticed a troll
  3690 | D        | Noticed an orc warrior
  3691 | D        | Killed a wolf
  3692 | D        | Identified the +10 battleaxe of Slow Death {chop, *Rage MP+9 Int+6}
  3694 | D        | Killed a wolf
  3695 | D        | Killed a wolf
  3698 | D        | Killed a yaktaur
  3699 | D        | Killed a troll
  3701 | D        | Killed an orc warrior
  3703 | D        | Killed a wolf
  3704 | D        | Killed an orc warlord
  3704 | D        | Reached skill level 18 in Fighting
  3718 | D        | Got the ring "Heokuvouj" {Int+6 Stlth-}
  3786 | D        | Identified the +1 robe "Pishixugu" {-Tele rN+ SInv Stlth+} (Okawaru gifted it to you in the Dungeon)
  3900 | D        | Noticed an anaconda
  3900 | D        | Noticed an orc knight
  3900 | D        | Noticed an orc knight
  3900 | D        | Noticed an orc knight
  3900 | D        | Noticed an orc knight
  3901 | D        | Noticed an orc knight
  3901 | D        | Noticed an orc knight
  3901 | D        | Noticed an orc warlord
  3917 | D        | Noticed an orc knight
  3917 | D        | Killed an anaconda
  3925 | D        | Killed an orc knight
  3928 | D        | Killed an orc knight
  3928 | D        | Killed an orc knight
  3930 | D        | Killed an orc knight
  3932 | D        | Killed an orc knight
  3933 | D        | Killed an orc knight
  3945 | D        | Noticed Polyphemus
  3961 | D        | Killed Polyphemus
  3961 | D        | Received a gift from Okawaru
  3970 | D        | Noticed an orc knight
  3977 | D        | Killed an orc knight
  3998 | D        | Noticed a redback
  4007 | D        | Killed a redback
  4009 | D        | Killed an orc knight
  4009 | D        | Received a gift from Okawaru
  4020 | D        | Killed an orc warlord
  4026 | D        | Noticed a water elemental
  4027 | D        | Noticed an orc warlord
  4035 | D        | Killed a water elemental
  4054 | D        | Killed an orc warlord
  4054 | D        | Reached skill level 10 in Crossbows
  4164 | D        | Noticed a vault guard
  4165 | D        | Noticed a yaktaur
  4165 | D        | Noticed a yaktaur
  4165 | D        | Noticed a yaktaur
  4166 | D        | Noticed a yaktaur captain
  4167 | D        | Noticed an orc knight
  4167 | D        | Noticed an orc knight
  4169 | D        | Noticed a shadow dragon
  4178 | D        | Killed a vault guard
  4180 | D        | Killed a yaktaur
  4184 | D        | Killed a yaktaur
  4184 | D        | Reached skill level 19 in Fighting
  4185 | D        | Noticed a naga warrior
  4188 | D        | Killed a yaktaur
  4196 | D        | Killed an orc knight
  4201 | D        | Killed a shadow dragon
  4205 | D        | Killed a yaktaur captain
  4208 | D        | Killed an orc knight
  4216 | D        | Killed a naga warrior
  4216 | D        | Received a gift from Okawaru
  4343 | D        | Got the +7 arbalest of Wealth {venom, rElec}
  4382 | D        | Noticed an orc knight
  4385 | D        | Killed an orc knight
  4387 | D        | Noticed a redback
  4388 | D        | Killed a redback
  4389 | D        | Noticed an orc knight
  4393 | D        | Killed an orc knight
  4394 | D        | Noticed a vault guard
  4394 | D        | Noticed a redback
  4394 | D        | Noticed a vault guard
  4395 | D        | Noticed a shadow
  4395 | D        | Killed a shadow
  4396 | D        | Noticed a naga warrior
  4397 | D        | Killed a redback
  4400 | D        | Killed a vault guard
  4400 | D        | Reached XP level 14. HP: 122/146 MP: 22/22
  4418 | D        | Killed a naga warrior
  4418 | D        | Killed a vault guard
  4720 | D        | Got the +4 ring mail of the Hills {rElec rC+ rCorr MP+9}
  4930 | D        | Noticed an ancient lich
  4951 | D        | Killed an ancient lich
  4951 | D        | Reached skill level 20 in Fighting
  5217 | D        | Noticed an Ice Fiend
  5223 | D        | Killed an Ice Fiend
  5223 | D        | Reached skill level 15 in Axes
  5439 | D        | Noticed Cerieq the pandemonium lord
  5455 | D        | Killed Cerieq the pandemonium lord
  5590 | D        | Noticed Margery
  5601 | D        | Killed Margery
  5601 | D        | Received a gift from Okawaru
  5601 | D        | Received a gift from Okawaru
  5724 | D        | Noticed a mottled draconian scorcher
  5730 | D        | Killed a mottled draconian scorcher
  5733 | D        | Noticed a golden eye
  5735 | D        | Killed a golden eye
  5739 | D        | Noticed an eye of draining
  5739 | D        | Noticed a dire elephant
  5739 | D        | Noticed an electric golem
  5739 | D        | Noticed a Hell Sentinel
  5739 | D        | Noticed a yaktaur
  5739 | D        | Noticed Tiamat
  5739 | D        | Noticed a mottled draconian
  5739 | D        | Noticed a red draconian
  5754 | D        | Killed a mottled draconian
  5758 | D        | Killed an electric golem
  5758 | D        | Reached skill level 21 in Fighting
  5759 | D        | Killed a yaktaur
  5768 | D        | Killed a Hell Sentinel
  5770 | D        | HP: 1/151 [dire elephant (12)]
  5772 | D        | Slain by a dire elephant

Vault maps used:
D:        pitsprint

Action                   |  1- 3 |  4- 6 |  7- 9 | 10-12 | 13-15 || total
-------------------------+-------+-------+-------+-------+-------++-------
Melee: Hand axe          |    30 |    29 |    36 |       |       ||    95
       War axe           |     1 |       |    54 |   259 |   218 ||   532
 Fire: Hand crossbow     |       |       |       |    18 |    28 ||    46
       Arbalest          |       |       |       |       |    16 ||    16
Invok: Heroism           |       |     1 |     8 |     7 |     8 ||    24
       Finesse           |       |       |       |     6 |     8 ||    14
Evoke: Wand              |       |       |       |       |     1 ||     1
  Use: Potion            |       |       |       |     6 |     1 ||     7
       Scroll            |       |       |       |     6 |       ||     6
  Eat: Bread ration      |       |       |     1 |     1 |     2 ||     4
       Chunk             |       |       |       |     1 |     5 ||     6
